 Dungeon Crawl Stone Soup version 0.17.0-26-gececa24 (webtiles) character file.

182 homeworkjunkie the Covert (level 5, -1/26 HPs)
             Began as a Spriggan Assassin on Nov 19, 2015.
             Slain by an orc warrior
             ... wielding a +0 halberd
              (20 damage)
             ... on level 3 of the Dungeon.
             The game lasted 00:05:04 (2281 turns).

homeworkjunkie the Covert (Spriggan Assassin)       Turns: 2281, Time: 00:05:04

Health: -1/26      AC:  3    Str:  7    XL:     5   Next: 34%
Magic:  6/6        EV: 18    Int: 13    God:
Gold:   79         SH:  0    Dex: 18    Spells: 0 memorised, 4 levels left

rFire  . . .     SeeInvis +     a - +2 dagger (venom)
rCold  . . .     Clarity  .     c - +0 robe
rNeg   . . .     SustAt   .     (shield restricted)
rPois  .         Gourm    .     (helmet restricted)
rElec  .         Spirit   .     m - +0 cloak {+Inv}
rCorr  .         Warding  .     (gloves unavailable)
rMut   .         Stasis   .     (boots unavailable)
MR     .....                    (no amulet)
Stlth  +++++.....               (no ring)
                                (no ring)

@: very slightly contaminated, very quick, not resistant to hostile
enchantments, quite stealthy
A: unfitting armour, see invisible, herbivore 3, speed 3, slow metabolism 2
a: Evoke Invisibility


You were on level 3 of the Dungeon.
You were not hungry.

You visited 1 branch of the dungeon, and saw 3 of its levels.

You collected 79 gold pieces.

Inventory:

Hand Weapons
 a - a +2 dagger of venom (weapon)
 b - a +0 blowgun
Armour
 c - a +0 robe (worn)
 m - a +0 cloak of invisibility (worn)
Scrolls
 i - 2 scrolls of recharging
Potions
 j - a potion of curing
 k - 2 potions of poison {unknown}
 l - a potion of flight
Comestibles
 d - a royal jelly
 g - 4 bread rations
 h - a slice of pizza


   Skills:
 * Level 2.1 Fighting
 * Level 3.1 Short Blades
 * Level 2.6 Throwing
 * Level 3.1 Dodging
 * Level 8.1 Stealth


You had 4 spell levels left.
You didn't know any spells.

Dungeon Overview and Level Annotations

Branches:
Dungeon (3/15)

Altars:


Innate Abilities, Weirdness & Mutations

You are tiny and cannot use many weapons and most armour.
You have supernaturally acute eyesight.
You are a herbivore.
You cover ground extremely quickly.
You need consume almost no food.


Message History

You kill the orc!
Wield which item (- for none, * to show all)? (? for menu, Esc to quit)
It begins to drip with poison!
a - a +2 dagger of venom (weapon)
The orc warrior closely misses you.
Things that are here:
a club; an orc corpse You closely miss the orc warrior.
The orc warrior is severely wounded.
You barely miss the orc warrior.
The orc warrior is almost dead.
The orc warrior closely misses you.
You hit the orc warrior but do no damage.
The orc warrior looks even sicker.
The orc warrior is almost dead.
You barely miss the orc warrior.
The orc warrior is almost dead.
The orc warrior hits you with a halberd!!
Ouch! That really hurt!
You die...

#............# ########
###.##†.†###.# #......#
#.#........###.####.#
#.##...#........# #.#
..###.#_#.####..# #†# ###
#).#..# #..###.# #.....#
#......# ##'...##
#..##### ##.†..## #@##
##.....## #o## #.......#
#(.##
#.........####(..#######.
+.........+..............
#.........####..(#######.
##.......## #..##
##.....## #(## ##...##
#(##


You could see an orc warrior.

Vanquished Creatures
  Crazy Yiuf (D:2)
  Ijyb (D:2)
  Jessica (D:2)
  3 adders (D:2)
  2 worms (D:2)
  2 giant geckos (D:2)
  2 orcs (D:3)
  7 bats
  3 giant cockroaches
  11 goblins
  7 hobgoblins
  3 jackals (D:3)
  5 kobolds
  A quokka (D:2)
  9 giant newts
  4 rats
  A plant (D:1)
63 creatures vanquished.

Notes
Turn   | Place    | Note
--------------------------------------------------------------
     0 | D:1      | homeworkjunkie the Spriggan Assassin began the quest for the Orb.
     0 | D:1      | Reached XP level 1. HP: 10/10 MP: 2/2
    82 | D:1      | Reached skill level 6 in Stealth
   147 | D:1      | Reached XP level 2. HP: 13/15 MP: 3/3
   485 | D:1      | Reached XP level 3. HP: 13/18 MP: 4/4
   692 | D:1      | Reached skill level 7 in Stealth
  1295 | D:2      | Noticed Ijyb
  1315 | D:2      | Killed Ijyb
  1315 | D:2      | Reached XP level 4. HP: 20/23 MP: 5/5
  1493 | D:2      | Noticed Jessica
  1504 | D:2      | Killed Jessica
  1504 | D:2      | Reached skill level 8 in Stealth
  1779 | D:2      | Reached XP level 5. HP: 14/26 MP: 6/6
  1943 | D:2      | Noticed Crazy Yiuf
  1955 | D:2      | Killed Crazy Yiuf
  2168 | D:3      | Found a faded altar to an unknown god.
  2242 | D:3      | Noticed an orc warrior
  2247 | D:3      | HP: 1/26 [orc warrior/halberd (22)]
  2281 | D:3      | Slain by an orc warrior

Action                   |  1- 3 |  4- 6 || total
-------------------------+-------+-------++-------
Melee: Dagger            |   150 |    86 ||   236
 Fire: Blowgun           |    10 |    12 ||    22
 Abil: Evoke Invisibilit |       |     2 ||     2
  Use: Scroll            |     1 |     5 ||     6
       Potion            |       |     3 ||     3
 Stab: Sleeping          |    10 |     6 ||    16
       Invisible         |       |     1 ||     1
